Orko, chaotic female orcish Wizard ------ ------ |(*/[| |....| |..?%| ------------- |....| |!..(| |I..........| |..I.| ---------------- |))+"| #I-.......<...| |...I| -..............| |....| # --------.---- #+....| |..............| --|--- ### # #|....-########...............| ### # # #------ |..............| # ### # ##( --------------.- ---.-# ### # ##### |...|# # # # |...|# ### # ### |.>.-# # # # ----- -----------.--- -----# -|------------- |........#.....######.....####################*..............| |..^.%........| |...|# |.............| |............"| |...| |.............| |.............| ----- |.............| --------------- --------------- Orko the Evoker Experience level: 1 Strength: 11 Dexterity: 15 Constitution: 15 Intelligence: 16 Wisdom: 10 Charisma: 8 Health: 0(12) Energy: 3(7) Def: 3 Gold: 35 Moves: 408 Dungeon seed: FRnb9Mi8avsSnag3 Game ID: Orko_1571126910 Your Inventory: Spellbooks k - a blessed spellbook of force bolt l - an uncursed spellbook of haste self q - an uncursed spellbook of remove curse named i Rings C - an uncursed +2 ring of protection (on left hand) D - an uncursed +2 ring of gain strength Armor n - an uncursed +0 cloak of magic resistance (being worn) Weapons b - a blessed +1 quarterstaff (alternate weapon; not wielded) t - an uncursed +0 silver dagger (weapon in hand) u - an uncursed +0 boomerang v - an uncursed +2 bec de corbin Wands Q - an uncursed wand of teleportation (0:4) Potions f - 2 uncursed potions of monster detection g - a blessed potion of paralysis Scrolls h - an uncursed scroll of earth i - an uncursed scroll of identify j - a blessed scroll of taming Comestibles s - an uncursed tripe ration w - 3 uncursed cream pies Tools p - an uncursed blindfold Coins $ - 35 gold pieces Spells and supernatural/magical abilities: Name Level Category Fail Memory a - force bolt 1 attack 0% 98% r - remove curse 3 clerical 100% 99% H - haste self 3 escape 100% 98% W - pray for help -- divine ? -- Your skills at the end: Fighting Skills Weapon Skills quarterstaff [Basic] Spellcasting Skills attack spells [Basic] enchantment spells [Basic] Final Attributes: You were piously aligned. You were poison resistant. You were magic-protected. You were hallucinating. You were blinded. You had infravision. You were protected. You are dead. Vanquished creatures: a red mold a Keystone Kop 3 jackals a fox and a partridge in a pear tree 6 creatures vanquished. Voluntary challenges: You were an atheist. You used a wielded weapon 6 times, starting on turn 50. You read items or engraved 10 times, starting on turn 72. You never genocided any monsters. You never polymorphed an object. You never changed form. You used no wishes. You never split a pudding. You never wrote Elbereth's name. You never violated your personal moral code. You abstained from Elbereth's help. You werepermanently hallucinating. Dungeon overview: The Dungeons of Doom: levels 1 to 3 Level 1 a long staircase Level 2 a fountain Level 3 <- You were here a weapon shop, a sink History has recorded: On T:1 you entered the Dungeons of Doom to retrieve the Amulet of Yendor! On T:102 you reached level 2 of The Dungeons of Doom. On T:125 you reached level 3 of The Dungeons of Doom. Score breakdown: Gold: 35 ( 5294 points) Experience: 1 level ( 0 points) Exploration: 3 levels ( 5.88%) ( 6000 points) Discoveries: 2 items ( 0.72%) ( 2549 points) Valuables value: (no points given unless you survive) Artifact value: 0 ( 0 points) Variety of kills: 4 monsters ( 1.05%) ( 3073 points) Turncount: 408 turns ( 0 points) Survival: died (score multiplied by 80%) Total score: 13532 Latest messages: You attack thin air. You attack thin air. It just misses! You hit it. You hit it. It just misses! You hit it. You miss it. It hits! You miss it. It bites! (2x) You take off your blindfold. It misses. It bites! (2x) You die... Fleac comes and takes the 116 zorkmids you owed her. Final status: Goodbye Orko the Wizard, killed by a bat... You died in The Dungeons of Doom on dungeon level 3 with 13532 points, and 35 pieces of gold, after 408 moves. You were level 1 with a maximum of 12 hit points when you died.